 Dungeon Crawl Stone Soup version 0.30-a0-715-gdb4ae3ece1 (webtiles) character file.

Game seed: 10378971755888591920

30996 Leeroy the Warrior (level 13, -8/92 HPs)
             Began as a Tengu Warper on Jan 23, 2023.
             Was a Follower of Uskayaw.
             Killed from afar by a raiju (17 damage)
             ... with a living lightning
             ... on level 2 of the Abyss.
             The game lasted 00:48:28 (22439 turns).

Leeroy the Warrior (Tengu Warper)                  Turns: 22439, Time: 00:48:29

Health: -8/92      AC:  9    Str: 11    XL:     13   Next: 55%
Magic:  15/17      EV: 22    Int: 24    God:    Uskayaw [*.....]
Gold:   940        SH:  0    Dex: 18    Spells: 1/16 levels left

rFire   . . .      SeeInvis .    u - +4 scimitar (flame)
rCold   + . .      Faith    +    (no shield)
rNeg    . . .      Spirit   .    W - +0 troll leather armour
rPois   .          Reflect  .    (helmet restricted)
rElec   .          Harm     .    P - +2 cloak
rCorr   .          Rampage  .    e - +1 pair of gloves of the Furrier {+Inv Fly Int+3}
Will    .....                    (boots unavailable)
Stlth   +                        g - amulet of faith
HPRegen 1.15/turn                N - ring of protection from cold
MPRegen 0.15/turn                A - +6 ring of intelligence

@: about to teleport, flying quickly and evasively, quick
A: beak, talons 3, nimble flight
a: Renounce Religion, Evoke Invisibility, Stomp


You were on level 2 of the Abyss.
You worshipped Uskayaw.
Uskayaw was noncommittal.
You visited 3 branches of the dungeon, and saw 18 of its levels.
You visited the Abyss 1 time.

You collected 1085 gold pieces.
You spent 145 gold pieces at shops.

Inventory:

Hand Weapons
 t - a +1 short sword of electrocution
 u - a +4 scimitar of flaming (weapon)
 Q - a +4 long sword
 Y - a +0 great sword
 Z - a +1 falchion of flaming
Missiles
 d - 7 boomerangs of dispersal
 y - 21 poisoned darts
 B - 7 boomerangs (quivered)
 R - a curare-tipped dart
Armour
 e - the +1 pair of gloves of the Furrier (worn) {+Inv Fly Int+3}
   (You acquired it on level 7 of the Dungeon)

   Int:       It affects your intelligence (+3).
   +Inv:      It lets you turn invisible.
   Fly:       It grants you flight.
 j - a +1 leather armour of poison resistance
 m - an orb of mayhem
 G - a +0 ring mail
 P - a +2 cloak (worn)
 W - a +0 troll leather armour (worn)
Jewellery
 b - a ring of wizardry
 g - an amulet of faith (around neck)
 k - an amulet of the acrobat
 z - a +6 ring of strength
 A - a +6 ring of intelligence (right hand)
 N - a ring of protection from cold (left hand)
 O - the ring "Nutaon" {Ice Str+4 Int-5 Dex+2}
   (You found it on level 6 of the Dungeon)

   [ring of ice]

   It enhances your ice magic.
   Str:       It affects your strength (+4).
   Int:       It affects your intelligence (-5).
   Dex:       It affects your dexterity (+2).
   rF:        It makes you vulnerable to fire.
   rC:        It protects you from cold.
 T - an amulet of reflection
 V - an amulet of regeneration
Wands
 a - a wand of roots (1)
 o - a wand of digging (1)
 E - a wand of flame (16)
Scrolls
 h - 4 scrolls of magic mapping
 l - 2 scrolls of poison
 C - 5 scrolls of noise
 D - 4 scrolls of fog
 J - 6 scrolls of immolation
 L - 5 scrolls of amnesia
 S - a scroll of vulnerability
 X - a scroll of torment
Potions
 f - 5 potions of haste {unknown}
 p - 2 potions of resistance {unknown}
 r - 3 potions of mutation
 s - 3 potions of degeneration
 v - 5 potions of curing
 w - 3 potions of brilliance {unknown}
 x - a potion of attraction {unknown}
 F - a potion of invisibility {unknown}
 H - a potion of berserk rage {unknown}
 I - 2 potions of magic {unknown}
 K - 2 potions of might {unknown}
 M - 2 potions of lignification {unknown}
 U - a potion of cancellation {unknown}


   Skills:
 - Level 15.0 Fighting
 - Level 12.0 Long Blades
 - Level 1.0 Throwing
 - Level 1.1 Armour
 + Level 11.2 Dodging
 - Level 2.0 Spellcasting
 - Level 0.5 Conjurations
 - Level 10.0 Translocations
 - Level 0.3 Fire Magic
 - Level 7.3 Air Magic


You had one spell level left.
You knew the following spells:

 Your Spells              Type           Power      Damage    Failure   Level
a - Blink                 Tloc           100%       N/A       1%          2
b - Vhi's Electric Charg  Tloc/Air       88%        N/A       1%          3
c - Manifold Assault      Tloc           50%        N/A       2%          4
d - Mephitic Cloud        Conj/Pois/Air  15%        N/A       16%         3
e - Kindle Blastsparks    Fire/Tloc/Air  60%        2d15      4%          3

Your spell library contained the following spells:

 Spells                   Type           Power      Damage    Failure   Level
 Freeze                   Ice            8%         1d3       16%         1
 Sting                    Tmut/Pois      8%         1d3       16%         1
 Lesser Beckoning         Tloc           100%       N/A       1%          2
 Teleport Other           Tloc           50%        N/A       1%          3
 Poisonous Vapours        Pois/Air       40%        N/A       5%          2
 Cigotuvi's Dreadful Rot  Necr/Pois/Air  28%        N/A       9%          2
 Dazzling Flash           Conj/Hex       6%         N/A       38%         3
 Hailstorm                Conj/Ice       3%         3d3       38%         3
 Stone Arrow              Conj/Erth      6%         3d7       38%         3
 Ignite Poison            Fire/Tmut/Pois 2%         N/A       41%         3
 Frozen Ramparts          Ice            4%         1d1       43%         3
 Silence                  Hex/Air        10%        N/A       67%         5
 Animate Armour           Summ/Erth      4%         N/A       83%         4
 Ice Form                 Ice/Tmut       2%         N/A       83%         4
 Olgreb's Toxic Radiance  Pois           2%         N/A       83%         4
 Summon Ice Beast         Ice/Summ       2%         N/A       83%         4
 Freezing Cloud           Conj/Ice/Air   7%         6-21      83%         5
 Agony                    Necr           2%         N/A       99%         5
 Blade Hands              Tmut           1%         N/A       99%         5
 Summon Mana Viper        Hex/Summ       2%         N/A       99%         5
 Conjure Ball Lightning   Conj/Air       10%        3x3d6     99%         6
 Iron Shot                Conj/Erth      1%         9d1       100%        6
 Monstrous Menagerie      Summ           1%         N/A       100%        7
 Discord                  Hex            1%         N/A       100%        8
 Disjunction              Tloc           25%        N/A       100%        8


Dungeon Overview and Level Annotations

Branches:
Dungeon (15/15)            Temple (1/1) D:7            Lair (2/5) D:9
  Swamp (0/4) Lair:2
  Snake: Lair:2-3    Spider: Lair:2-3       Orc: D:9-12      Vaults: D:13-14
 Depths: D:15

Altars:
Ashenzari
Cheibriados
Dithmenos
Elyvilon
Fedhas
Gozag
Hepliaklqana
Kikubaaqudgha
Makhleb
Nemelex Xobeh
Okawaru
Qazlal
Ru
Sif Muna
Trog
Uskayaw
Vehumet
Wu Jian
Xom
Yredelemnul
Zin
The Shining One
Lugonu

Shops:
D:6 (   D:14 (

Portals:
Trove: D:11 (give 6 scrolls of fear)

Annotations:
D:10 Amaemon
D:11 Erolcha
D:13 Azrael


Innate Abilities, Weirdness & Mutations

You have a beak for a mouth.
You have claws for feet.
Your magical nature lets you fly swiftly and evasively.


Message History

Okay, then.
Okay, then.
Casting: Vhi's Electric Charge (safe; 1% risk of failure)
Confirm with . or Enter, or press ? or * to list all spells.
Okay, then.
Okay, then.
As you read the scroll of fear, it crumbles to dust.
You assume a fearsome visage.
The raiju looks frightened!
You see here a +0 mace.
Cornered, the raiju turns to fight!
You reach down and open the door.
The raiju bursts into living lightning!
The living lightning hits the raiju.
The raiju completely resists.
The living lightning misses you.
The raiju blinks! x2
A small abomination comes into view.
The raiju bursts into living lightning!
The living lightning hits the raiju.
The raiju completely resists.
The living lightning misses you.
The raiju blinks!
The raiju bursts into living lightning!
The living lightning hits the raiju.
The raiju completely resists.
The living lightning hits you!
* * * LOW HITPOINT WARNING * * *
The raiju blinks! x2
There is an open door here.
As you read the scroll of teleportation, it crumbles to dust.
You feel strangely unstable.
You feel the power of the Abyss delaying your translocation!
The raiju misses you.
The raiju bursts into living lightning!
The living lightning hits you!!
* * * LOW HITPOINT WARNING * * *
The raiju blinks!
Okay, then.
Casting: Vhi's Electric Charge (safe; 1% risk of failure)
Confirm with . or Enter, or press ? or * to list all spells.
You blink.
Okay, then.
The raiju bursts into living lightning!
The living lightning hits you!
You die...

.# ... #..
#..########
#.......#
#..@....#
#.......#
#...#...#
.........h....#
..............#
.......#xh.....#
#######..h.....#
#........#
#........#


You could see 3 raiju and a small abomination.

Vanquished Creatures
  Kirke (D:14)
  A purple draconian (Abyss:2)
  Snorg (D:9)
  2 centaur warriors (D:13)
  2 two-headed ogres
  A hydra (D:15)
  Erica (D:10)
  A boulder beetle (D:15)
  A catoblepas (Lair:1)
  A phantasmal warrior (Abyss:2)
  3 ugly things
  A manticore (D:14)
  5 cyclopes
  2 black mambas (Lair:1)
  An orange demon (D:10)
  A gargoyle (D:11)
  An unseen horror (D:12)
  An efreet (D:14)
  A kobold demonologist (D:9)
  3 komodo dragons
  2 tengu conjurers (D:14)
  2 freezing wraiths
  2 polar bears
  6 trolls
  5 blink frogs
  A spectral elephant (Lair:2)
  2 shadows
  4 vampires
  4 wraiths
  3 wyverns
  3 basilisks
  2 fire elementals
  2 hogs (D:14)
  32 yaks
  4 vampire mosquitoes (D:14)
  Edmund (D:5)
  6 water moccasins
  An acid dragon (D:9)
  A large abomination (Abyss:2)
  A spectral yak (Lair:2)
  5 orc warriors
  A sky beast (D:6)
  A spectral blink frog (Lair:2)
  An ice beast (D:7)
  An ogre (D:7)
  A centaur (D:9)
  4 kobold brigands
  A spectral wyvern (Lair:2)
  9 bullfrogs
  A necrophage (D:7)
  3 scorpions
  10 wights
  14 killer bees (D:10)
  3 electric eels (Lair:2)
  2 howler monkeys
  5 hounds
  4 orc priests (D:5)
  Crazy Yiuf (D:3)
  3 gnoll boudas
  3 jellies
  4 iguanas
  6 orc wizards
  19 gnolls
  6 adders
  3 shadow imps
  5 white imps
  An ufetubus (D:5)
  3 worms
  3 dart slugs (D:1)
  28 orcs
  3 endoplasms
  5 giant cockroaches
  11 goblins
  8 hobgoblins
  11 jackals
  22 kobolds
  4 quokkas
  15 ball pythons
  10 bats
  2 frilled lizards (D:1)
  5 rats
362 creatures vanquished.

Vanquished Creatures (others)
  5 fungi
  43 plants
48 creatures vanquished.

Grand Total: 410 creatures vanquished

Notes
Turn   | Place    | Note
-------+----------+-------------------------------------------
     0 | D:1      | Leeroy the Tengu Warper began the quest for the Orb.
     0 | D:1      | Reached XP level 1. HP: 12/12 MP: 4/4
    78 | D:1      | Reached XP level 2. HP: 11/17 MP: 6/6
   410 | D:1      | Reached XP level 3. HP: 21/21 MP: 7/7
   433 | D:1      | Found a faded altar of an unknown god.
   559 | D:1      | Learned a level 2 spell: Blink
   563 | D:1      | Learned a level 3 spell: Vhi's Electric Charge
  1174 | D:2      | Reached XP level 4. HP: 23/26 MP: 8/8
  1567 | D:2      | Reached skill level 5 in Long Blades
  2054 | D:3      | Gained mutation: Your magical nature lets you fly swiftly
                  | and evasively. [Tengu growth]
  2054 | D:3      | Reached XP level 5. HP: 30/30 MP: 9/9
  2335 | D:3      | Found a runed translucent door.
  2336 | D:3      | Noticed Crazy Yiuf
  3098 | D:4      | Found a blossoming altar of Fedhas.
  3244 | D:4      | Found a sacrificial altar of Ru.
  3301 | D:4      | Reached XP level 6. HP: 29/35 MP: 10/10
  3660 | D:5      | Entered Level 5 of the Dungeon
  3661 | D:5      | Noticed Edmund
  4028 | D:5      | Learned a level 4 spell: Manifold Assault
  4232 | D:6      | Reached XP level 7. HP: 29/40 MP: 11/11
  4372 | D:6      | You are sucked into a shaft and drop 3 floors!
  5025 | D:6      | Identified the ring "Nutaon" {Ice Str+4 Int-5 Dex+2}
  5216 | D:5      | Reached XP level 8. HP: 44/44 MP: 12/12
  5223 | D:5      | Reached skill level 5 in Dodging
  6038 | D:5      | Found an ancient bone altar of Kikubaaqudgha.
  6155 | D:6      | Found an opulent altar of Gozag.
  6255 | D:6      | Reached skill level 3 in Fighting
  6319 | D:6      | Reached skill level 4 in Fighting
  6411 | D:6      | Found Ocifeydo's Weapon Shoppe.
  6540 | D:7      | Reached XP level 9. HP: 34/50 MP: 13/13
  6711 | D:7      | Reached skill level 5 in Fighting
  6735 | D:7      | Identified a scroll of acquirement
  6742 | D:7      | Acquired the +1 pair of gloves of the Furrier {+Inv Fly
                  | Int+3}
  7026 | D:6      | Bought a +1 short sword of electrocution for 145 gold
                  | pieces
  7142 | D:7      | Found a stormy altar of Qazlal.
  7167 | D:7      | Found a staircase to the Ecumenical Temple.
  7219 | D:7      | Found a hazy altar of Hepliaklqana.
  7289 | Temple   | Entered the Ecumenical Temple
  7338 | Temple   | Became a worshipper of Uskayaw the Reveller
  7399 | D:7      | Reached * piety under Uskayaw
  7420 | D:7      | Reached ** piety under Uskayaw
  7422 | D:7      | Reached skill level 6 in Fighting
  7423 | D:7      | Reached *** piety under Uskayaw
  7497 | D:7      | Found a burning altar of Makhleb.
  7561 | D:7      | Reached **** piety under Uskayaw
  7566 | D:7      | Reached ***** piety under Uskayaw
  7718 | D:7      | Reached skill level 7 in Fighting
  8017 | D:7      | Reached skill level 8 in Fighting
  8633 | D:8      | Found a white marble altar of Elyvilon.
  8633 | D:8      | Found a glowing golden altar of the Shining One.
  8633 | D:8      | Found a glowing silver altar of Zin.
  8844 | D:8      | Noticed a troll
  8852 | D:8      | Killed a troll
  8853 | D:8      | Reached XP level 10. HP: 57/64 MP: 14/14
  8959 | D:9      | Found an ornate altar of the Wu Jian Council.
  9127 | D:9      | Reached skill level 9 in Fighting
  9538 | D:9      | Noticed a kobold demonologist
  9547 | D:9      | Killed a kobold demonologist
  9548 | D:9      | Reached skill level 10 in Fighting
  9861 | D:9      | Found a radiant altar of Vehumet.
  9864 | D:9      | Found a shadowy altar of Dithmenos.
  9932 | D:9      | Found a staircase to the Lair.
 10110 | D:10     | Entered Level 10 of the Dungeon
 10291 | D:10     | Noticed Erica
 10302 | D:10     | Killed Erica
 10303 | D:10     | Reached skill level 12 in Fighting
 11385 | D:9      | Reached skill level 13 in Fighting
 11519 | D:10     | Noticed Snorg
 11637 | Lair:1   | Entered Level 1 of the Lair of Beasts
 12041 | Lair:1   | Reached skill level 14 in Fighting
 12191 | Lair:1   | Noticed a catoblepas
 12255 | Lair:1   | Killed a catoblepas
 12256 | Lair:1   | Reached XP level 11. HP: 34/80 MP: 15/15
 12478 | Lair:1   | Reached skill level 15 in Fighting
 12516 | Lair:1   | Reached skill level 10 in Long Blades
 12518 | Lair:1   | Reached ****** piety under Uskayaw
 13681 | Lair:1   | Reached skill level 1 in Air Magic
 14587 | Lair:2   | Reached skill level 5 in Air Magic
 14877 | Lair:2   | Reached XP level 12. HP: 71/87 MP: 16/16
 15186 | Lair:2   | Found a staircase to the Swamp.
 15186 | Lair:2   | Noticed a ghost crab
 15186 | Lair:2   | Noticed a ghost crab
 15401 | D:9      | Killed Snorg
 15753 | D:10     | Noticed Amaemon
 15819 | D:11     | Noticed a two-headed ogre
 15912 | D:11     | Killed a two-headed ogre
 15993 | D:11     | Reached skill level 5 in Translocations
 16110 | D:11     | Noticed Erolcha
 16291 | D:12     | Learned a level 3 spell: Mephitic Cloud
 16295 | D:12     | Learned a level 3 spell: Kindle Blastsparks
 16353 | D:12     | Got the Lessons on Configuration and the Quarry
 18804 | D:5      | Killed Edmund
 18955 | D:3      | Killed Crazy Yiuf
 19395 | D:11     | Found a portal to a secret trove of treasure.
 20024 | D:12     | Noticed a yaktaur captain
 20024 | D:12     | Noticed an ettin
 20209 | D:13     | Noticed a centaur warrior
 20244 | D:13     | Killed a centaur warrior
 20245 | D:13     | Reached XP level 13. HP: 67/92 MP: 13/17
 20456 | D:13     | Noticed Azrael
 20637 | D:14     | Reached skill level 10 in Translocations
 20795 | D:14     | Noticed Kirke
 20852 | D:13     | Identified the +2 halberd "Baeh" {spect, +Blink rPois Str+5
                  | Int-3}
 20913 | D:14     | Killed Kirke
 20963 | D:14     | Reached skill level 10 in Dodging
 20989 | D:15     | Entered Level 15 of the Dungeon
 21848 | D:15     | Noticed a fire giant
 22131 | D:14     | Found Xuci's Weapon Emporium.
 22196 | Abyss:2  | Cast into level 2 of the Abyss (a wizard)
 22272 | Abyss:2  | Noticed a revenant
 22375 | Abyss:2  | Noticed a purple draconian
 22385 | Abyss:2  | Killed a purple draconian
 22439 | Abyss:2  | Killed from afar by a raiju

Illustrated notes

Levels and vault maps discovered:
D:1:      matt_arrival_refuge, layout_basic,
          hellmonk_ecumenical_altar_crossroads, minmay_tromino_mix6
D:2:      layout_loops_cross
D:3:      layout_loops_ring, chequers_garden, uniq_crazy_yiuf_cottage
D:4:      layout_rooms, nicolae_ru_the_path_less_chosen, fedhas_altar_2
D:5:      layout_basic, nicolae_kikubaaqudgha_miasma_corner,
          minmay_misc_feat_chi, chequers_serial_rivers_large_a, grunt_decor_cap,
          uniq_edmund
D:6:      layout_rooms, nicolae_gozag_cash_rules_everything_around_me,
          kennysheep_small_circle
D:7:      kb_forest_paths, layout_loops_ring, makhleb_heckhound_becter,
          mainiacjoe_overflow_brackets, worldfamousw_hep_ancestral_shrine,
          minmay_temple_entry_poolview
D:8:      layout_rooms, good_gods_mini_temple, ldierk_geyser
D:9:      kennysheep_blocky_hall, layout_long_grid, minitemple,
          mainiacjoe_overflow_alcove_1, david_lair_shrubbed
D:10:     layout_grid_maze, corexii_leaking_fountain, uniq_erica, uniq_snorg,
          uniq_amaemon
D:11:     layout_basic, david_orc_1_choice, enter_trove_6,
          onia_ninara_dug_in_and_dangerous, uniq_lodul, uniq_psyche,
          uniq_erolcha
D:12:     layout_rooms, nicolae_rejected_hall
D:13:     minmay_the_grid_octo_2x2 [minmay_the_grid_octo_thin_diamonds,
          minmay_the_grid_octo_toaster, minmay_the_grid_octo_horde,
          minmay_the_grid_octo_prize_ultimate_mussel_roller], layout_basic,
          david_vaults_5, serial_shops, shop_statue, bh_hangedman_babel_library,
          uniq_azrael
D:14:     layout_rooms, serial_shops, shop, nicolae_wwwww, uniq_kirke
D:15:     gammafunk_enter_depths_forms, layout_rooms,
          minmay_misc_feat_secret_circle, lightli_corner_chamber
Temple:   corrupted_temple
Lair:1:   layout_regular_city
Lair:2:   layout_gridlike, nicolae_swamp_entry_spooky, serial_bayou_shore_a
Abyss:2:  base: D:13, evilmike_abyss_exit_kraken, evilmike_abyss_exit_10,
          evilmike_abyss_exit_1, abyss_furniture_001, hangedman_abyss_shoalhut

Skill      XL: |  1  2  3  4  5  6  7  8  9 10 11 12 13 |
---------------+----------------------------------------+-----
Long Blades    | 3 4 5 6 8 9 12 | 12.0
Dodging        | 4 7 9 11 | 11.2
Fighting       | 4 8 14 15 | 15.0
Air Magic      | 6 7 |  7.3
Translocations | 8 10 | 10.0
Throwing       | |  1.0
Armour         | |  1.1
Spellcasting   | |  2.0
Conjurations   | |  0.5
Fire Magic     | |  0.3

Action                     |  1- 3 |  4- 6 |  7- 9 | 10-12 | 13-15 || total
---------------------------+-------+-------+-------+-------+-------++-------
  Melee: Falchion          |    95 |    56 |       |       |       ||   151
         Kick              |    22 |    50 |    95 |   179 |    57 ||   403
         Peck              |    16 |    18 |    56 |   115 |    34 ||   239
         Long sword        |       |   111 |   303 |    62 |       ||   476
         Punch             |       |     2 |     1 |     5 |     2 ||    10
         Scimitar          |       |       |       |   417 |   137 ||   554
         Short sword       |       |       |       |     9 |       ||     9
         Unarmed           |       |       |       |       |     1 ||     1
  Throw: Dart              |       |     1 |     5 |    64 |     4 ||    74
         Stone             |       |       |       |     2 |       ||     2
         Boomerang         |       |       |       |     9 |       ||     9
   Cast: Blink             |       |     3 |     1 |     4 |     1 ||     9
         Vhi's Electric Ch |       |       |     2 |    27 |    13 ||    42
         Manifold Assault  |       |       |       |     9 |    12 ||    21
         Kindle Blastspark |       |       |       |     8 |       ||     8
         Mephitic Cloud    |       |       |       |     1 |       ||     1
  Evoke: Wand              |       |       |     2 |    11 |       ||    13
    Use: Scroll            |       |       |    14 |    13 |    10 ||    37
         Potion            |       |       |     2 |     1 |     2 ||     5
   Stab: Sleeping          |     1 |     6 |     1 |       |       ||     8
         Distracted        |       |     1 |     2 |       |     1 ||     4
         Paralysed         |       |       |     7 |    16 |     9 ||    32
         Petrified         |       |       |       |     1 |       ||     1
 Armour: Leather armour    |    32 |    30 |    30 |    59 |       ||   151
         Troll leather arm |       |       |       |     7 |    16 ||    23
  Dodge: Dodged            |    76 |   149 |   240 |   467 |   108 ||  1040

Table legend: (Time is in decaauts)
 A = Elapsed time spent in this place.
 B = Non-inter-level travel time spent in this place.
 C = Inter-level travel time spent in this place.
 D = Time resting spent in this place.
 E = Time spent auto-exploring this place.
 F = Levels seen in this place.
 G = Mean time per level.
                   A        B        C        D        E       F      G
               +--------+--------+--------+--------+--------+-----+--------+
         Total |  21297 |  20151 |   1146 |   5147 |  10163 |  19 | 1120.9 |
       Dungeon |  17443 |  16373 |   1070 |   4054 |   8336 |  15 | 1162.9 |
        Temple |     94 |     84 |     10 |      0 |     20 |   1 |   94.0 |
          Lair |   3527 |   3463 |     64 |   1081 |   1669 |   2 | 1763.5 |
         Abyss |    231 |    231 |      0 |     12 |    137 |   1 |  231.0 |
               +--------+--------+--------+--------+--------+-----+--------+

Top non-repeatable levels by time:
     D:9: 2408 daAuts
    D:10: 2386 daAuts
     D:7: 2068 daAuts
  Lair:1: 1970 daAuts
  Lair:2: 1556 daAuts
     D:4: 1283 daAuts
     D:5: 1097 daAuts
     D:3: 1091 daAuts
     D:1: 1062 daAuts
    D:15: 1059 daAuts
    D:11: 898 daAuts
     D:2: 885 daAuts
     D:6: 791 daAuts
    D:12: 758 daAuts
     D:8: 718 daAuts
